 Dungeon Crawl Stone Soup version 0.30-a0-867-g305f33218d (webtiles) character file.

Game seed: 13360259033707462847

362 bmack86 the Chopper (level 6, 0/55 HPs)
             Began as a Minotaur Fighter on Mar 11, 2023.
             Slain by a gnoll
             ... wielding a +0 halberd
              (7 damage)
             ... on level 4 of the Dungeon.
             The game lasted 00:08:02 (2680 turns).

bmack86 the Chopper (Minotaur Fighter)              Turns: 2680, Time: 00:08:03

Health: 0/55       AC: 12    Str: 28    XL:     6   Next: 39%
Magic:  0/5        EV:  9    Int: 11    God:
Gold:   143        SH:  4    Dex: 10    Spells: 5/5 levels left

rFire   x . .      SeeInvis .    a - +1 war axe
rCold   . . .      Faith    .    c - +0 buckler
rNeg    . . .      Spirit   +    b - +0 scale mail
rPois   .          Reflect  .    (helmet restricted)
rElec   .          Rampage  .    u - +0 cloak
rCorr   +                        r - +2 pair of gloves of Nuikuong {rF- Will+ rCorr}
Will    +....                    n - +0 pair of boots Stlth
                                 s - amulet of guardian spirit
HPRegen 0.29/turn                l - +6 ring of strength
MPRegen 0.09/turn                p - +6 ring of intelligence

@: no status effects
A: horns 2, retaliatory headbutt
a: no special abilities


You were on level 4 of the Dungeon.
You visited 1 branch of the dungeon, and saw 4 of its levels.
You also visited: Sewer.

You collected 143 gold pieces.

Inventory:

Hand Weapons
 a - a +1 war axe (weapon)
Missiles
 e - 6 poisoned darts (quivered)
 m - a throwing net
Armour
 b - a +0 scale mail (worn)
 c - a +0 buckler (worn)
 n - a +0 pair of boots (worn)
 r - the +2 pair of gloves of Nuikuong (worn) {rF- Will+ rCorr}
   (You found it on level 2 of the Dungeon)

   rF:        It makes you vulnerable to fire.
   rCorr:     It protects you from acid and corrosion.
   Will:      It increases your willpower.
 u - a +0 cloak (worn)
Jewellery
 l - a +6 ring of strength (left hand)
 p - a +6 ring of intelligence (right hand)
 q - a ring of magical power
 s - an amulet of guardian spirit (around neck)
Wands
 t - a wand of quicksilver (6)
Scrolls
 f - a scroll of brand weapon {unknown}
 i - 4 scrolls of teleportation
 w - a scroll of immolation {unknown}
Potions
 d - 2 potions of might
 g - 4 potions of heal wounds
 h - 2 potions of attraction
 j - a potion of resistance
 k - 4 potions of curing
 o - a potion of degeneration {unknown}
 v - a potion of magic {unknown}
 x - 2 potions of mutation {unknown}
 z - 3 potions of flight {unknown}
 A - a potion of brilliance {unknown}


   Skills:
 + Level 4.8 Fighting
 * Level 5.3 Axes
 + Level 2.3 Throwing
 + Level 4.6 Armour
 + Level 4.8 Shields


You had 5 spell levels left.
You didn't know any spells.
Your spell library contained the following spells:

 Spells                   Type           Power      Damage    Failure   Level
 Static Discharge         Conj/Air       0%         2-2/arc   82%         2
 Frozen Ramparts          Ice            0%         1d1       96%         3
 Vhi's Electric Charge    Tloc/Air       0%         N/A       96%         3
 Ice Form                 Ice/Tmut       0%         N/A       100%        4
 Summon Ice Beast         Ice/Summ       0%         N/A       100%        4
 Arcjolt                  Conj/Air       0%         1d10      100%        5
 Lightning Bolt           Conj/Air       0%         1d11      100%        5


Dungeon Overview and Level Annotations

Branches:
Dungeon (4/15)              Sewer (visited)
 Temple: D:4-7

Altars:


Innate Abilities, Weirdness & Mutations

You have a pair of horns on your head.
You reflexively headbutt those who attack you in melee.


Message History

You kill the gnoll!
You barely miss the orc. The orc hits you but does no damage.
You slash the orc!
You kill the orc!
An orc priest comes into view. It is wielding a +0 club.
The orc priest shouts!
The gnoll barely misses you.
The orc priest mumbles some strange prayers to Beogh against you.
Beogh smites you! The ball python closely misses you.
The ball python grabs you. The ball python constricts you.
You see here a +0 flail.
You hit the gnoll.
The gnoll is lightly wounded.
You slash the ball python!
You kill the ball python!
The gnoll hits you with a +0 halberd. The gnoll closely misses you.
The orc priest calls down the wrath of Beogh upon you.
Pain shoots through your body! The gnoll closely misses you.
The orc priest looks braver for a moment.
The gnoll hits you but does no damage. The orc priest barely misses you.
You hear a shout!
You slash the orc priest!
The orc priest is almost dead.
You slash the gnoll!
You kill the gnoll!
The orc priest hits you but does no damage.
An orc wizard comes into view. It is wielding a +0 dagger.
The gnoll hits you from afar with a +0 halberd.
You barely miss the orc priest.
The orc priest is almost dead.
The gnoll hits you but does no damage. The orc priest barely misses you.
You hit the orc priest.
You kill the orc priest!
The gnoll closely misses you.
Unknown command.
The orc priest mumbles some strange prayers to Beogh against you.
Pain shoots through your body!
* * * LOW HITPOINT WARNING * * *
The gnoll hits you from afar with a +0 halberd!
You die...

#..#....#.####
........#.#..#
##.#.........#
.(......#....#
..(.....#....#
..<.....#....#
#.(.g†)#....#
##..(.))<....#
.......@#....#
.#..##oo#....#
#. .........#
#.##....#..# #
...#....#
.####.#..# .
.##.# . . ..


You could see an orc priest, an orc wizard and a gnoll.

Vanquished Creatures
  2 jellies (Sewer)
  An orc priest (D:4)
  Jessica (D:3)
  Crazy Yiuf (D:2)
  Terence (D:2)
  Robin (D:2)
  3 gnolls (D:4)
  4 adders
  3 river rats
  A worm (D:2)
  An orc (D:4)
  5 ball pythons
  14 endoplasms
  13 giant cockroaches
  9 goblins
  8 hobgoblins
  3 kobolds
  4 quokkas
  7 bats
  2 frilled lizards
  10 rats
94 creatures vanquished.

Vanquished Creatures (others)
  4 demonic plants (D:1)
4 creatures vanquished.

Grand Total: 98 creatures vanquished

Notes
Turn   | Place    | Note
-------+----------+-------------------------------------------
     0 | D:1      | bmack86 the Minotaur Fighter began the quest for the Orb.
     0 | D:1      | Reached XP level 1. HP: 19/19 MP: 0/0
   162 | D:1      | Found a faded altar of an unknown god.
   296 | D:1      | Reached XP level 2. HP: 27/27 MP: 1/1
   351 | D:1      | Reached skill level 3 in Axes
   699 | D:2      | Reached XP level 3. HP: 32/33 MP: 2/2
   742 | D:2      | Noticed Terence
   749 | D:2      | Killed Terence
   750 | D:2      | Reached skill level 1 in Throwing
   949 | D:2      | Identified the +2 pair of gloves of Nuikuong {rF- Will+
                  | rCorr}
   985 | D:2      | Reached XP level 4. HP: 40/40 MP: 3/3
  1019 | D:2      | Found a runed translucent door.
  1020 | D:2      | Noticed Crazy Yiuf
  1028 | D:2      | Killed Crazy Yiuf
  1232 | D:2      | Noticed Robin
  1240 | D:2      | Reached skill level 4 in Axes
  1240 | D:2      | Killed Robin
  1648 | D:3      | Noticed Jessica
  1655 | D:3      | Killed Jessica
  1656 | D:3      | Reached XP level 5. HP: 41/47 MP: 4/4
  1894 | D:3      | Found a glowing drain.
  1909 | Sewer    | Entered a sewer
  2033 | Sewer    | Found a viscous altar of Jiyva.
  2111 | Sewer    | Reached XP level 6. HP: 47/53 MP: 5/5
  2118 | Sewer    | Reached skill level 5 in Axes
  2680 | D:4      | Slain by a gnoll

Illustrated notes

Levels and vault maps discovered:
D:1:      dpeg_arrival_boxes_within_box, layout_rooms,
          shapermc_ecumenical_altar_gd, minivault_26
D:2:      minmay_spotlight, layout_basic, kennysheep_generic_room_14,
          uniq_robin, uniq_crazy_yiuf_cottage, uniq_terence
D:3:      layout_basic, portal_sewer_entry_e, minivault_26,
          kennysheep_jessica_study
D:4:      nicolae_cairo_tiling_large_dashed, layout_basic,
          mainiacjoe_overflow_surrounded_room, yredelemnul_altar_generic

Skill      XL: |  1  2  3  4  5  6 |
---------------+-------------------+-----
Axes           | 3 4 5 |  5.3
Shields        | 4 |  4.8
Fighting       | 4 |  4.8
Throwing       | 1 2 |  2.3
Armour         | 4 |  4.6

Action                     |  1- 3 |  4- 6 || total
---------------------------+-------+-------++-------
  Melee: War axe           |    71 |   106 ||   177
         Headbutt          |     5 |    16 ||    21
  Throw: Dart              |     4 |     6 ||    10
    Use: Scroll            |       |     8 ||     8
 Armour: Scale mail        |    43 |    70 ||   113
  Dodge: Dodged            |    45 |    57 ||   102
  Block: Buckler           |    24 |    28 ||    52

Table legend: (Time is in decaauts)
 A = Elapsed time spent in this place.
 B = Non-inter-level travel time spent in this place.
 C = Inter-level travel time spent in this place.
 D = Time resting spent in this place.
 E = Time spent auto-exploring this place.
 F = Levels seen in this place.
 G = Mean time per level.
                   A        B        C        D        E       F      G
               +--------+--------+--------+--------+--------+-----+--------+
         Total |   2773 |   2715 |     58 |      0 |   1655 |   5 |  554.6 |
       Dungeon |   2480 |   2422 |     58 |      0 |   1594 |   4 |  620.0 |
         Sewer |    293 |    293 |      0 |      0 |     61 |   1 |  293.0 |
               +--------+--------+--------+--------+--------+-----+--------+

Top non-repeatable levels by time:
     D:2: 976 daAuts
     D:3: 808 daAuts
     D:1: 679 daAuts
   Sewer: 293 daAuts
     D:4: 16 daAuts
